 Dungeon Crawl Stone Soup version 0.29-a0-1033-gb6c65ffae6 (webtiles) character file.

Game seed: 11285681571732839446

93 ytrimaz the Insei (level 4, -2/32 HPs)
             Began as a Demonspawn Transmuter on Aug 15, 2022.
             Slain by an orc wizard
             ... wielding a +0 dagger
              (4 damage)
             ... on level 3 of the Dungeon.
             The game lasted 00:05:48 (3603 turns).

ytrimaz the Insei (Demonspawn Transmuter)           Turns: 3603, Time: 00:05:49

Health: -2/32      AC:  2    Str: 10    XL:     4   Next: 37%
Magic:  6/7        EV: 12    Int: 17    God:
Gold:   1011       SH:  0    Dex: 13    Spells: 1/7 levels left

rFire   . . .      SeeInvis .     - Unarmed
rCold   + . .      Faith    .   (no shield)
rNeg    . . .      Spirit   .   a - +0 robe
rPois   .          Reflect  .   (helmet restricted)
rElec   .          Harm     .   (no cloak)
rCorr   .          Rampage  .   (no gloves)
Will    .....                   (no boots)
Stlth   +.........              (no amulet)
HPRegen 0.10/turn               b - ring of protection from cold
MPRegen 0.10/turn               (no ring)

@: wereblooded (expiring), flying
A: horns 1
a: no special abilities


You were on level 3 of the Dungeon.
You visited 1 branch of the dungeon, and saw 3 of its levels.

You collected 1011 gold pieces.

Inventory:

Armour
 a - a +0 robe (worn)
Jewellery
 b - a ring of protection from cold (left hand)
 g - a ring of protection from cold
 h - an amulet of faith
Potions
 c - a potion of brilliance
 d - a potion of heal wounds {unknown}
 f - a potion of invisibility {unknown}


   Skills:
 - Level 1.0 Fighting
 - Level 1.7 Dodging
 + Level 4.6 Unarmed Combat
 - Level 2.0 Spellcasting
 - Level 1.7 Transmutations
 * Level 0.6 Poison Magic


You had one spell level left.
You knew the following spells:

 Your Spells              Type           Power      Damage    Failure   Level
a - Beastly Appendage     Tmut           14%        N/A       10%         1
b - Wereblood             Tmut           7%         N/A       14%         2
c - Spider Form           Tmut/Pois      5%         N/A       34%         3

Your spell library contained the following spells:

 Spells                   Type           Power      Damage    Failure   Level
 Scorch                   Fire           2%         2d5       28%         2
 Ice Form                 Ice/Tmut       4%         N/A       80%         4
 Cause Fear               Hex            0%         N/A       88%         4
 Flame Wave               Conj/Fire      1%         2d4       88%         4
 Alistair's Intoxication  Tmut/Pois      3%         N/A       97%         5
 Borgnjor's Vile Clutch   Necr/Erth      0%         N/A       99%         5
 Eringya's Noxious Bog    Tmut/Pois      2%         N/A       100%        6
 Summon Cactus Giant      Summ           0%         N/A       100%        6
 Dragon Form              Tmut           3%         N/A       100%        7
 Dragon's Call            Summ           0%         N/A       100%        9


Dungeon Overview and Level Annotations

Branches:
Dungeon (3/15)

Altars:

Annotations:
D:3 2 transporters, Valamore's ghost, amateur HOGl


Innate Abilities, Weirdness & Mutations

You have a pair of small horns on your head.


Message History

You howl as the wereblood boils in your veins!
Something hits you but does no damage.
You miss something. Your headbutt misses something.
You howl as the wereblood boils in your veins!
You hear some strange, mumbled words.
You are confused.
You bump into the rock wall.
Something hits you.
You miss something. Your headbutt misses something.
You completely miss something. Something hits you.
Unknown command.
You barely miss something. Your kick misses something.
Your headbutt misses something.
You hear some strange, mumbled words.
A magic dart appears from out of thin air!
The magic dart hits you!
You barely miss something. You claw something.
You feel less confused. Something hits you but does no damage.
You hit something. Your kick misses something. You headbutt something.
Your talons disappear.
Something hits you but does no damage.
You miss something. Your headbutt misses something. Something hits you.
You closely miss something. Your headbutt misses something. Something hits you.
You barely miss something. Your headbutt misses something.
Your primal bloodlust is almost over.
Something hits you.
* * * LOW HITPOINT WARNING * * *
Unknown command.
It was a potion of flight.
You feel very buoyant.
You fly up into the air.
Something barely misses you.
You closely miss something. You headbutt something.
You hear some strange, mumbled words.
A magic dart appears from out of thin air!
The magic dart hits you!
* * * LOW HITPOINT WARNING * * *
Unknown command.
You feel more buoyant. Something hits you.
You die...

# ####.......##### .#
#................# .##
###.##............##..#
......................#
.##................#
#..##'######.รท....
#..##.# #.)..#. #
#..##.# #....#.
#.##@.##.# #..(.#.
#.J{).##+######....#.
##J##.........)..)...
#b #..............#) ..
#..............## ...
###.#########.## ....
#.# #.#. ..... # #.'.
...... ###.


You could see 2 endoplasms and a bat.

Vanquished Creatures
  A gnoll (D:1)
  An adder (D:3)
  3 worms
  2 dart slugs
  3 orcs (D:3)
  5 bats
  8 endoplasms
  2 giant cockroaches (D:1)
  5 hobgoblins
  3 jackals (D:2)
  6 kobolds
  3 quokkas (D:1)
  5 ball pythons
  A frilled lizard (D:1)
  3 goblins
  2 rats
53 creatures vanquished.

Notes
Turn   | Place    | Note
-------+----------+-------------------------------------------
     0 | D:1      | ytrimaz the Demonspawn Transmuter began the quest for the
                  | Orb.
     0 | D:1      | Reached XP level 1. HP: 15/15 MP: 3/3
   291 | D:1      | Reached skill level 3 in Unarmed Combat
   485 | D:1      | Gained mutation: You have a pair of small horns on your
                  | head. [demonic ancestry]
   485 | D:1      | Reached XP level 2. HP: 7/21 MP: 3/5
  1052 | D:1      | Learned a level 2 spell: Wereblood
  1140 | D:1      | Reached XP level 3. HP: 23/26 MP: 4/6
  1608 | D:1      | Reached skill level 4 in Unarmed Combat
  1846 | D:1      | Identified a scroll of acquirement
  1865 | D:1      | Learned a level 3 spell: Spider Form
  2337 | D:2      | Acquired 883 gold pieces
  2903 | D:3      | Noticed Valamore's ghost (amateur HOGl)
  2903 | D:3      | Identified the +4 great mace "Demonspawn's Peril" {freeze,
                  | rC+}
  2903 | D:3      | Noticed an ogre
  2903 | D:3      | Found a transporter.
  2903 | D:3      | Found a transporter.
  2905 | D:3      | Noticed an ogre
  2946 | D:3      | Reached XP level 4. HP: 19/32 MP: 4/7
  3603 | D:3      | Slain by an orc wizard

Illustrated notes

Levels and vault maps discovered:
D:1:      sevenhm_arrival_forest_fort_small_4, layout_loops_ring,
          corexii_leaking_fountain
D:2:      layout_loops_ring, st_stairs_2, minmay_tetromino_o4
D:3:      layout_basic, gammafunk_ghost_smash, uniq_grinder

Skill      XL: |  1  2  3 |
---------------+----------+-----
Unarmed Combat | 3 4 |  4.6
Fighting       | |  1.0
Dodging        | |  1.7
Spellcasting   | |  2.0
Transmutations | |  1.7
Poison Magic   | |  0.6

Action                   |  1- 3 |  4- 6 || total
-------------------------+-------+-------++-------
Melee: Unarmed           |   112 |    36 ||   148
       Kick              |    16 |     5 ||    21
       Headbutt          |    15 |     5 ||    20
       Punch             |     2 |       ||     2
 Cast: Beastly Appendage |    19 |     3 ||    22
       Spider Form       |     2 |     1 ||     3
       Wereblood         |       |     1 ||     1
  Use: Scroll            |     7 |       ||     7
       Potion            |     1 |     2 ||     3
 Stab: Sleeping          |     2 |       ||     2
Armor: Robe              |    14 |     4 ||    18
       Skin              |     4 |       ||     4
Dodge: Dodged            |    64 |    14 ||    78

Table legend: (Time is in decaauts)
 A = Elapsed time spent in this place.
 B = Non-inter-level travel time spent in this place.
 C = Inter-level travel time spent in this place.
 D = Time resting spent in this place.
 E = Time spent auto-exploring this place.
 F = Levels seen in this place.
 G = Mean time per level.
                   A        B        C        D        E       F      G
               +--------+--------+--------+--------+--------+-----+--------+
         Total |   3596 |   3550 |     46 |    327 |   2783 |   3 | 1198.7 |
       Dungeon |   3596 |   3550 |     46 |    327 |   2783 |   3 | 1198.7 |
               +--------+--------+--------+--------+--------+-----+--------+

Top non-repeatable levels by time:
     D:1: 1890 daAuts
     D:2: 1009 daAuts
     D:3: 695 daAuts
